 Dungeon Crawl Stone Soup version 0.22.0-25-g7663229 (webtiles) character file.

102 dysrexia the Skirmisher (level 4, -1/41 HPs)
             Began as a Gnoll Abyssal Knight on Aug 20, 2018.
             Was a Follower of Lugonu.
             Slain by a jelly (3 damage)
             ... on level 2 of the Dungeon.
             The game lasted 00:03:22 (1843 turns).

dysrexia the Skirmisher (Gnoll Abyssal Knight)      Turns: 1843, Time: 00:03:23

Health: -1/41      AC: -4    Str: 19    XL:     4   Next: 77%
Magic:  7/7        EV: 13    Int: 15    God:    Lugonu [*.....]
Gold:   54         SH:  0    Dex: 15    Spells: 5/5 levels left

rFire    . . .     SeeInvis .   a - +1 mace
rCold    . . .     Gourm    .   (no shield)
rNeg     . . .     Faith    .   b - +0 leather armour
rPois    .         Spirit   .   (no helmet)
rElec    .         Reflect  .   (no cloak)
rCorr    .         Harm     .   (no gloves)
MR       .....                  (no boots)
Stlth    ++........             (no amulet)
HPRegen  0.13/turn              (no ring)
MPRegen  0.10/turn              (no ring)

@: mighty, corroded
A: distributed training, fangs 1, strong nose
a: Depart the Abyss, Renounce Religion


You were on level 2 of the Dungeon.
You worshipped Lugonu.
Lugonu was aware of your devotion.
You were not hungry.

You visited 1 branch of the dungeon, and saw 2 of its levels.
You visited the Abyss 1 time.

You collected 54 gold pieces.

Inventory:

Hand Weapons
 a - a +1 mace (weapon)
Armour
 b - a +0 leather armour (worn)
Jewellery
 e - an uncursed ring of fire {unknown}
Scrolls
 d - a scroll of blinking {unknown}
 j - a scroll of enchant armour {unknown}
 k - a scroll of teleportation {unknown}
Potions
 f - a potion of heal wounds {unknown}
 g - a potion of might
 h - a potion of mutation {unknown}
 i - a potion of curing {unknown}
 l - a potion of ambrosia {unknown}
 m - a potion of flight {unknown}
Comestibles
 c - 4 rations


   Skills:
 + Level 6.6 Fighting
 + Level 1.2 Short Blades
 + Level 1.2 Long Blades
 + Level 1.2 Axes
 + Level 4.7 Maces & Flails
 + Level 1.2 Polearms
 + Level 1.2 Staves
 + Level 1.2 Slings
 + Level 1.2 Bows
 + Level 1.2 Crossbows
 + Level 1.2 Throwing
 + Level 4.7 Armour
 + Level 2.8 Dodging
 + Level 1.2 Stealth
 + Level 1.2 Shields
 + Level 1.2 Unarmed Combat
 + Level 1.2 Spellcasting
 + Level 1.0 Conjurations
 + Level 1.0 Hexes
 + Level 1.0 Charms
 + Level 1.0 Summonings
 + Level 1.0 Necromancy
 + Level 1.0 Translocations
 + Level 1.0 Transmutations
 + Level 1.0 Fire Magic
 + Level 1.0 Ice Magic
 + Level 1.0 Air Magic
 + Level 1.0 Earth Magic
 + Level 1.0 Poison Magic
 + Level 4.7 Invocations
 + Level 1.2 Evocations


You had 5 spell levels left.
You didn't know any spells.
Your spell library was empty.

Dungeon Overview and Level Annotations

Branches:
Dungeon (2/15)

Altars:
Okawaru


Innate Abilities, Weirdness & Mutations

Your experience applies equally to all skills.
You have very sharp teeth.
Your uncanny sense of smell can sniff out nearby items.


Message History

You hit the jelly.
Your hands burn!
Your punch misses the jelly.
The jelly is heavily wounded.
The jelly hits you.
You are splashed with acid!
The acid burns!
* * * LOW HITPOINT WARNING * * *
You see here a kobold skeleton.
You see here 2 stones.
There is an open door here.
The jelly jiggles.
There is an open gate here.
You see here a stone.
The jelly hits you.
* * * LOW HITPOINT WARNING * * *
You are splashed with acid!
The acid burns!
* * * LOW HITPOINT WARNING * * *
The jelly jiggles.
Okay, then.
It was a potion of might.
You feel very mighty all of a sudden. The jelly hits you.
You die...

########## #..#.#
'##......#####..#.########
#J#.......##.#..#........#
#J#........'.#(.#######.##
#J#(..J...J(.J.J.# #.#
#.#'#J....J'.#.#J# #.#
#J#.#.....##(#J#.# #.#
#(#J#....###...#J# #.#
##J####### #...#@# #.#
###########.#.#.# #.#
#.....)....#.# #.#
#.######.#.#.######.# #
#.#.#.#......# ..
#.#.#.#.######
....#.#.#.#.#
........#.#.#
............#


You could see a jelly and 2 oozes.

Vanquished Creatures
  A jelly (D:2)
  A gnoll (D:1)
  An adder (D:2)
  4 oozes (D:2)
  2 leopard geckos (D:1)
  4 bats
  A giant cockroach (D:1)
  4 goblins
  4 hobgoblins
  9 kobolds
  2 frilled lizards
  3 rats (D:1)
36 creatures vanquished.

Vanquished Creatures (others)
  11 fungi (D:2)
  4 toadstools (D:2)
15 creatures vanquished.

Grand Total: 51 creatures vanquished

Notes
Turn   | Place    | Note
-------+----------+-------------------------------------------
     0 | Abyss:1  | dysrexia the Gnoll Abyssal Knight began the quest for the Orb.
     0 | Abyss:1  | Reached XP level 1. HP: 23/23 MP: 3/3
    32 | Abyss:1  | Noticed a raiju
    34 | D:1      | Escaped the Abyss
   382 | D:1      | Reached XP level 2. HP: 22/29 MP: 5/5
   425 | D:1      | Reached * piety under Lugonu
   471 | D:1      | Reached XP level 3. HP: 22/35 MP: 6/6
  1342 | D:2      | Found an iron altar of Okawaru.
  1505 | D:2      | Reached skill level 1 in Short Blades
  1505 | D:2      | Reached skill level 1 in Long Blades
  1505 | D:2      | Reached skill level 1 in Axes
  1505 | D:2      | Reached skill level 1 in Polearms
  1505 | D:2      | Reached skill level 1 in Staves
  1505 | D:2      | Reached skill level 1 in Slings
  1505 | D:2      | Reached skill level 1 in Bows
  1505 | D:2      | Reached skill level 1 in Crossbows
  1505 | D:2      | Reached skill level 1 in Throwing
  1505 | D:2      | Reached skill level 1 in Stealth
  1505 | D:2      | Reached skill level 1 in Shields
  1505 | D:2      | Reached skill level 1 in Unarmed Combat
  1505 | D:2      | Reached skill level 1 in Spellcasting
  1505 | D:2      | Reached skill level 1 in Evocations
  1524 | D:2      | Reached XP level 4. HP: 3/41 MP: 7/7
  1794 | D:2      | Reached skill level 1 in Conjurations
  1794 | D:2      | Reached skill level 1 in Hexes
  1794 | D:2      | Reached skill level 1 in Charms
  1794 | D:2      | Reached skill level 1 in Summonings
  1794 | D:2      | Reached skill level 1 in Necromancy
  1794 | D:2      | Reached skill level 1 in Translocations
  1794 | D:2      | Reached skill level 1 in Transmutations
  1794 | D:2      | Reached skill level 1 in Fire Magic
  1794 | D:2      | Reached skill level 1 in Ice Magic
  1794 | D:2      | Reached skill level 1 in Air Magic
  1794 | D:2      | Reached skill level 1 in Earth Magic
  1794 | D:2      | Reached skill level 1 in Poison Magic
  1839 | D:2      | HP: 2/41 [acid (8)]
  1843 | D:2      | Slain by a jelly

Skill      XL: |  1  2  3  4 |
---------------+-------------+-----
Short Blades   | 1 |  1.2
Long Blades    | 1 |  1.2
Axes           | 1 |  1.2
Polearms       | 1 |  1.2
Staves         | 1 |  1.2
Slings         | 1 |  1.2
Bows           | 1 |  1.2
Crossbows      | 1 |  1.2
Throwing       | 1 |  1.2
Stealth        | 1 |  1.2
Shields        | 1 |  1.2
Unarmed Combat | 1 |  1.2
Spellcasting   | 1 |  1.2
Evocations     | 1 |  1.2
Conjurations   | 1 |  1.0
Hexes          | 1 |  1.0
Charms         | 1 |  1.0
Summonings     | 1 |  1.0
Necromancy     | 1 |  1.0
Translocations | 1 |  1.0
Transmutations | 1 |  1.0
Fire Magic     | 1 |  1.0
Ice Magic      | 1 |  1.0
Air Magic      | 1 |  1.0
Earth Magic    | 1 |  1.0
Poison Magic   | 1 |  1.0
Fighting       | |  6.6
Maces & Flails | |  4.7
Armour         | |  4.7
Dodging        | |  2.8
Invocations    | |  4.7

Action                   |  1- 3 |  4- 6 || total
-------------------------+-------+-------++-------
Melee: Mace              |    68 |    17 ||    85
       Bite              |     2 |       ||     2
Invok: Depart the Abyss  |     1 |       ||     1
  Use: Potion            |       |     1 ||     1
 Stab: Sleeping          |     2 |       ||     2
  Eat: Chunk             |     1 |       ||     1
       Ration            |       |     1 ||     1
Armor: Leather armour    |    13 |     5 ||    18
Dodge: Dodged            |    43 |     5 ||    48
